 Dungeon Crawl Stone Soup version 0.25-a0-163-g00f8f0cddd (webtiles) character file.

Game seed: 2159017413546065880, levelgen mode: deterministic

713 Jindul the Cutter (level 8, -5/49 HPs)
             Began as a Kobold Abyssal Knight on Nov 21, 2019.
             Was an Elder of Lugonu.
             Slain by a mummy (17 damage)
             ... in an ossuary on Nov 22, 2019.
             The game lasted 00:35:34 (6533 turns).

Jindul the Cutter (Kobold Abyssal Knight)           Turns: 6533, Time: 00:35:34

Health: -5/49      AC:  7    Str: 10    XL:     8   Next: 1%
Magic:  10/10      EV: 17    Int: 13    God:    Lugonu [****..]
Gold:   188        SH:  0    Dex: 16    Spells: 7/7 levels left

rFire    . . .     SeeInvis +   j - +1 dagger (venom)
rCold    . . .     Gourm    .   (shield restricted)
rNeg     . . .     Faith    .   b - +0 leather armour
rPois    .         Spirit   .   u - +2 helmet {SInv}
rElec    .         Reflect  .   (no cloak)
rCorr    .         Harm     .   (no gloves)
MR       .....                  q - +0 pair of boots
Stlth    +++.......             (no amulet)
HPRegen  0.16/turn              (no ring)
MPRegen  0.12/turn              (no ring)

@: no status effects
A: small, carnivore
a: Depart the Abyss, Bend Space, Banish, Corrupt, Renounce Religion


You were in an ossuary.
You worshipped Lugonu.
Lugonu was greatly pleased with you.
You were not hungry.

You visited 2 branches of the dungeon, and saw 6 of its levels.
You visited the Abyss 1 time.
You also visited: Ossuary.

You collected 188 gold pieces.

Inventory:

Hand Weapons
 a - a +1 short sword
 e - a +0 short sword of speed
 j - a +1 dagger of venom (weapon)
 v - a +3 hunting sling
Missiles
 h - 283 stones (quivered)
 l - 72 bolts
 r - 3 boomerangs
Armour
 b - a +0 leather armour (worn)
 q - a +0 pair of boots (worn)
 u - a +2 helmet of see invisible (worn)
Jewellery
 p - an uncursed ring of protection from fire
Wands
 s - a wand of enslavement (10)
 y - a wand of random effects (17)
Scrolls
 d - a scroll of fear
 f - 5 scrolls of identify
 g - 3 scrolls of amnesia
 k - a scroll of blinking {unknown}
 n - 6 scrolls of remove curse
 o - a scroll of fog
 w - 2 scrolls of immolation {unknown}
Potions
 i - 2 potions of ambrosia
 t - a potion of flight {unknown}
 x - a potion of mutation {unknown}
Comestibles
 c - 9 rations


   Skills:
 + Level 5.3 Fighting
 * Level 6.1 Short Blades
 - Level 1.0 Armour
 + Level 4.8 Dodging
 + Level 4.9 Stealth
 + Level 3.5 Invocations


You had 7 spell levels left.
You didn't know any spells.
Your spell library was empty.

Dungeon Overview and Level Annotations

Branches:
Dungeon (5/15)             Temple (1/1) D:4         Ossuary (1/1)

Altars:
Ashenzari
Cheibriados
Dithmenos
Elyvilon
Fedhas
Gozag
Hepliaklqana
Kikubaaqudgha
Makhleb
Nemelex Xobeh
Okawaru
Qazlal
Ru
Sif Muna
Vehumet
Wu Jian
Xom
Yredelemnul
Zin
The Shining One

Annotations:
D:3 1 runed translucent door, 1 exclusion, Crazy Yiuf
D:5 Edmund


Innate Abilities, Weirdness & Mutations

You are small and have problems with some larger weapons.
You are carnivorous and can eat meat at any time.


Message History

* * * LOW HITPOINT WARNING * * *
You hit the mummy but do no damage.
The mummy is lightly damaged.
The orc zombie barely misses you.
You hit the mummy but do no damage.
The mummy is lightly damaged.
You hit the mummy but do no damage.
The mummy is lightly damaged.
The mummy completely misses you. The orc zombie closely misses you.
You hit the mummy but do no damage.
The mummy is lightly damaged.
You hit the mummy.
The mummy is moderately damaged.
The orc zombie closely misses you.
You hit the mummy.
The mummy is lightly damaged.
You hit the mummy but do no damage.
The mummy is lightly damaged.
The orc zombie misses you. The mummy hits you!
You die...

#....M.
#....#
#....#
#....#
#....#
#...(#
#....#
#..MZ#
#..M@#
#.∩∩.#
######


You could see 2 mummies and an orc zombie.

Vanquished Creatures
  A centaur (D:5)
  A crimson imp (D:5)
  An orc priest (D:3)
  A hound (D:4)
  An iguana (D:5)
  Natasha (thrice) (D:2)
  An orc wizard (D:4)
  A worker ant (D:4)
  Terence (D:2)
  4 mummies (Ossuary)
  Robin (D:4)
  8 gnolls (D:3)
  9 adders
  A shadow imp (D:5)
  An ooze (D:2)
  An adder skeleton (D:5)
  A worm (D:3)
  A dart slug (D:2)
  11 orcs
  2 ball pythons
  2 giant cockroaches
  19 goblins
  9 hobgoblins
  16 jackals
  13 kobolds
  2 quokkas
  6 bats
  4 frilled lizards
  A gnoll zombie (Ossuary)
  5 kobold zombies (Ossuary)
  An orc zombie (Ossuary)
  8 rats
137 creatures vanquished.

Notes
Turn   | Place    | Note
-------+----------+-------------------------------------------
     0 | Abyss:1  | Jindul the Kobold Abyssal Knight began the quest for the
                  | Orb.
     0 | Abyss:1  | Reached XP level 1. HP: 14/14 MP: 2/2
    51 | Abyss:1  | Noticed a rust devil
    62 | Abyss:1  | Found a corrupted altar of Lugonu.
    86 | D:1      | Escaped the Abyss
   379 | D:1      | Reached XP level 2. HP: 18/19 MP: 3/3
   627 | D:1      | Reached skill level 1 in Armour
   934 | D:1      | Reached skill level 3 in Short Blades
   934 | D:1      | Reached skill level 1 in Stealth
  1046 | D:1      | Reached XP level 3. HP: 22/24 MP: 4/4
  1142 | D:2      | Noticed Natasha
  1520 | D:2      | Reached ** piety under Lugonu
  1525 | D:2      | Noticed Terence
  1554 | D:2      | Killed Terence
  1554 | D:2      | Reached XP level 4. HP: 11/29 MP: 5/5
  1828 | D:2      | Killed Natasha
  1828 | D:2      | Reached XP level 5. HP: 33/33 MP: 5/7
  1830 | D:2      | Noticed Natasha
  1842 | D:2      | Killed Natasha
  2264 | D:2      | Reached skill level 4 in Short Blades
  2303 | D:2      | Noticed Natasha
  2327 | D:2      | Killed Natasha
  2327 | D:2      | Reached XP level 6. HP: 33/39 MP: 8/8
  2829 | D:3      | Upgraded the game from 0.25-a0-160-gd1d2e81aba to
                  | 0.25-a0-163-g00f8f0cddd
  2982 | D:3      | Reached *** piety under Lugonu
  3711 | D:3      | Found a runed translucent door.
  3712 | D:3      | Noticed Crazy Yiuf
  4195 | D:4      | Found a staircase to the Ecumenical Temple.
  4204 | Temple   | Entered the Ecumenical Temple
  4405 | D:4      | Reached XP level 7. HP: 44/44 MP: 9/9
  4536 | D:4      | Reached skill level 5 in Short Blades
  4965 | D:4      | Reached skill level 5 in Fighting
  5043 | D:4      | Noticed Robin
  5088 | D:4      | Killed Robin
  5658 | D:5      | Entered Level 5 of the Dungeon
  5689 | D:5      | Found a glowing golden altar of the Shining One.
  5698 | D:5      | Found a white marble altar of Elyvilon.
  5837 | D:5      | Noticed Edmund
  6009 | D:5      | Reached **** piety under Lugonu
  6042 | D:5      | Found a sand-covered staircase.
  6057 | Ossuary  | Entered an ossuary
  6160 | Ossuary  | Reached skill level 6 in Short Blades
  6520 | Ossuary  | Reached XP level 8. HP: 22/49 MP: 10/10
  6533 | Ossuary  | Slain by a mummy

Levels and vault maps discovered:
D:1:      lightli_iron_boxes, layout_loops_cross, minmay_tiny_reverse_x
D:2:      layout_loops_ring, uniq_natasha, uniq_terence
D:3:      layout_basic, uniq_crazy_yiuf_cottage
D:4:      kennysheep_goblin_castle, layout_basic, minmay_temple_entry_water_ring
D:5:      layout_basic, tso_oasis_becter, elyvilon_altar_3,
          nicolae_overflow_hidden_temple, nicolae_ossuary_entry_false_entrances,
          first_ration, uniq_edmund
Temple:   regret_index_temple_mists
Ossuary:  ossuary_tomb_3

Skill      XL: |  1  2  3  4  5  6  7 |
---------------+----------------------+-----
Armour         | 1 |  1.0
Short Blades   | 3 4 6 |  6.1
Stealth        | 1 2 3 4 |  4.9
Dodging        | 3 4 |  4.8
Fighting       | 4 5 |  5.3
Invocations    | 3 |  3.5

Action                   |  1- 3 |  4- 6 |  7- 9 || total
-------------------------+-------+-------+-------++-------
Melee: Short sword       |    54 |       |       ||    54
       Dagger            |    57 |   216 |   294 ||   567
Throw: Stone             |       |       |     1 ||     1
Evoke: Wand              |       |       |     3 ||     3
  Use: Potion            |     1 |     1 |     1 ||     3
       Scroll            |       |     7 |     1 ||     8
 Stab: Sleeping          |     3 |     6 |       ||     9
  Eat: Chunk             |     7 |    10 |     4 ||    21
Armor: Leather armour    |    21 |    24 |    31 ||    76
Dodge: Dodged            |    72 |   140 |   186 ||   398

Table legend:
 A = Non-vault XP
 B = Vault XP
 C = Vault XP percentage of total XP
 D = Non-vault monster count
 E = Vault monster count
 F = Vault count percentage of total count
                 A         B        C        D         E       F
            +---------+---------+-------+---------+---------+-------
      Total |     781 |     238 |  23.4 |     101 |      36 |  26.3
            +---------+---------+-------+---------+---------+-------
        D:1 |      31 |       2 |   6.1 |      18 |       2 |  10.0
        D:2 |     174 |      67 |  27.8 |      33 |       2 |   5.7
        D:3 |     241 |       0 |   0.0 |      32 |       0 |   0.0
        D:4 |     104 |      90 |  46.4 |      12 |      21 |  63.6
        D:5 |     231 |       0 |   0.0 |       6 |       0 |   0.0
    Ossuary |       0 |      79 | 100.0 |       0 |      11 | 100.0
            +---------+---------+-------+---------+---------+-------
